 Dungeon Crawl Stone Soup version 0.30-a0-824-g6c64550be9 (webtiles) character file.

Game seed: 14593262559111782997

549 cforsyth the Sneak (level 7, 0/44 HPs)
             Began as a Kobold Brigand on Feb 28, 2023.
             Killed from afar by Natasha (9 damage)
             ... with a magic dart
             ... on level 4 of the Dungeon.
             The game lasted 00:02:51 (3372 turns).

cforsyth the Sneak (Kobold Brigand)                 Turns: 3372, Time: 00:02:52

Health: 0/44       AC:  3    Str:  6 (8)  XL:     7   Next: 54%
Magic:  7/7        EV: 31    Int: 11 (12) God:
Gold:   256        SH:  0    Dex: 17 (19) Spells: 6/6 levels left

rFire   . . .      SeeInvis .    a - +2 dagger
rCold   . . .      Faith    .    (no shield)
rNeg    + . .      Spirit   .    b - +0 robe
rPois   .          Reflect  .    (no helmet)
rElec   .          Harm     .    c - +0 cloak
rCorr   .          Rampage  .    (no gloves)
Will    .....                    (no boots)
Stlth   +++++                    f - amulet of the acrobat
HPRegen 0.27/turn                k - ring of positive energy
MPRegen 0.10/turn                (no ring)

@: acrobatic, invisible
A: small, no large weapons, nightstalker 3
a: no special abilities


You were on level 4 of the Dungeon.
You visited 1 branch of the dungeon, and saw 4 of its levels.

You collected 256 gold pieces.

Inventory:

Hand Weapons
 a - a +2 dagger (weapon)
Missiles
 d - 9 poisoned darts (quivered)
 e - 3 curare-tipped darts
 p - 5 datura-tipped darts
Armour
 b - a +0 robe (worn)
 c - a +0 cloak (worn)
Jewellery
 f - an amulet of the acrobat (around neck)
 k - a ring of positive energy (left hand)
 s - an amulet of reflection
Scrolls
 g - a scroll of magic mapping {unknown}
 h - 3 scrolls of amnesia {unknown}
 l - 3 scrolls of teleportation {unknown}
 m - 3 scrolls of identify {unknown}
 n - a scroll of enchant weapon {unknown}
 o - a scroll of blinking {unknown}
 q - a scroll of vulnerability {unknown}
Potions
 i - 3 potions of curing
 t - a potion of attraction {unknown}


   Skills:
 + Level 4.5 Fighting
 + Level 5.5 Short Blades
 - Level 2.1 Throwing
 + Level 4.5 Dodging
 + Level 7.6 Stealth


You had 6 spell levels left.
You didn't know any spells.
Your spell library contained the following spells:

 Spells                   Type           Power      Damage    Failure   Level
 Stone Arrow              Conj/Erth      0%         3d7       71%         3
 Animate Armour           Summ/Erth      0%         N/A       98%         4
 Lehudib's Crystal Spear  Conj/Erth      0%         10d2      100%        8


Dungeon Overview and Level Annotations

Branches:
Dungeon (4/15)
 Temple: D:4-7

Altars:
Okawaru

Annotations:
D:4 Natasha


Innate Abilities, Weirdness & Mutations

You are small and have problems with some larger weapons.
You are completely attuned to the shadows.


Message History

There is an open door here.
You barely miss the gnoll.
The gnoll hits you from afar with a +0 spear.
The gnoll hits you from afar with a +0 halberd!
You hit the gnoll.
The gnoll is moderately wounded.
You hit the gnoll.
The gnoll is severely wounded.
The gnoll misses you. x2
The gnoll hits you from afar with a +0 spear.
You barely miss the gnoll.
The gnoll is severely wounded.
The gnoll misses you.
The gnoll hits you from afar with a +0 halberd!
The gnoll barely misses you. The gnoll hits you with a +0 halberd!
* * * LOW HITPOINT WARNING * * *
You are too injured to fight recklessly!
You are too injured to fight recklessly!
You are too injured to fight recklessly!
You are too injured to fight recklessly!
You are too injured to fight recklessly!
The gnoll completely misses you.
It was a potion of degeneration.
There was something very wrong with that liquid.
You feel weakened.
You feel dopey.
You feel clumsy. The gnoll hits you with a +0 club.
* * * LOW HITPOINT WARNING * * *
Unknown command.
It was a potion of invisibility.
You fade into invisibility!
The gnoll misses you.
Natasha, Servant of Life and Death comes into view.
Natasha hisses angrily.
The gnoll shouts!
Natasha completely misses you. Natasha attacks as you move away!
Natasha completely misses you. Natasha attacks as you move away!
Natasha completely misses you. Natasha casts a spell at you.
The magic dart hits you!
You die...

.....<#####......#
##............†..#
#.........##'####
#.........##†#
#.........##.#
#.........##.# +..#
#####..... ##.##
#......... #@.#
#........
#h.#####......####
#.................
#.................
#....g............
#.........####....
#.#.......#######.
##.#............†'.
#........##.######.


You could see Natasha and a gnoll (wandering, unable to see you).

Vanquished Creatures
  Grinder (D:4)
  2 necrophages
  A scorpion (D:4)
  2 iguanas
  Natasha (D:4)
  4 adders
  2 worms (D:2)
  2 dart slugs
  An orc (D:4)
  9 ball pythons
  5 bats
  2 endoplasms (D:2)
  4 giant cockroaches
  4 goblins
  4 hobgoblins
  4 jackals (D:3)
  7 kobolds
  2 quokkas
  6 frilled lizards
  4 rats
67 creatures vanquished.

Notes
Turn   | Place    | Note
-------+----------+-------------------------------------------
     0 | D:1      | cforsyth the Kobold Brigand began the quest for the Orb.
     0 | D:1      | Reached XP level 1. HP: 12/12 MP: 1/1
   356 | D:1      | Reached XP level 2. HP: 18/18 MP: 2/2
   722 | D:1      | Reached XP level 3. HP: 22/22 MP: 3/3
  1232 | D:2      | Reached XP level 4. HP: 27/27 MP: 4/4
  1800 | D:2      | Reached skill level 6 in Stealth
  2012 | D:3      | Identified the +2 hand axe of Qazlal's Displeasure
                  | {antimagic, rPois rN+}
  2096 | D:3      | Reached XP level 5. HP: 16/32 MP: 5/5
  2421 | D:3      | Found a faded altar of an unknown god.
  2579 | D:3      | Found an iron altar of Okawaru.
  2729 | D:4      | Reached XP level 6. HP: 38/38 MP: 6/6
  3092 | D:4      | Reached skill level 7 in Stealth
  3230 | D:4      | Noticed Natasha
  3232 | D:4      | Killed Natasha
  3233 | D:4      | Reached skill level 5 in Short Blades
  3307 | D:4      | Noticed Grinder
  3311 | D:4      | Killed Grinder
  3312 | D:4      | Reached XP level 7. HP: 44/44 MP: 7/7
  3359 | D:4      | Noticed Natasha
  3372 | D:4      | Killed from afar by Natasha

Illustrated notes

Levels and vault maps discovered:
D:1:      dpeg_arrival_simpleton_a, layout_basic, nicolae_hexahallways
D:2:      layout_basic
D:3:      layout_rooms, marbit_many_paths, nicolae_ecumenical_oubliette
D:4:      layout_basic, lemuel_mausoleum_altar_yredelemnul, uniq_blork_the_orc,
          uniq_grinder, uniq_natasha

Skill      XL: |  1  2  3  4  5  6 |
---------------+-------------------+-----
Short Blades   | 3 4 5 |  5.5
Dodging        | 2 3 4 |  4.5
Stealth        | 6 7 |  7.6
Fighting       | 3 4 |  4.5
Throwing       | |  2.1

Action                     |  1- 3 |  4- 6 |  7- 9 || total
---------------------------+-------+-------+-------++-------
  Melee: Dagger            |    58 |   134 |    12 ||   204
         Punch             |     2 |     1 |       ||     3
    Use: Potion            |       |     1 |     2 ||     3
   Stab: Sleeping          |    16 |    18 |     1 ||    35
 Armour: Robe              |     2 |    12 |     1 ||    15
  Dodge: Dodged            |    27 |    81 |    14 ||   122

Table legend: (Time is in decaauts)
 A = Elapsed time spent in this place.
 B = Non-inter-level travel time spent in this place.
 C = Inter-level travel time spent in this place.
 D = Time resting spent in this place.
 E = Time spent auto-exploring this place.
 F = Levels seen in this place.
 G = Mean time per level.
                   A        B        C        D        E       F      G
               +--------+--------+--------+--------+--------+-----+--------+
         Total |   3331 |   3259 |     72 |      0 |   2833 |   4 |  832.8 |
       Dungeon |   3331 |   3259 |     72 |      0 |   2833 |   4 |  832.8 |
               +--------+--------+--------+--------+--------+-----+--------+

Top non-repeatable levels by time:
     D:2: 980 daAuts
     D:1: 973 daAuts
     D:3: 712 daAuts
     D:4: 664 daAuts
